 Dungeon Crawl Stone Soup version 0.25-a0-464-g3004169c2b (webtiles) character file.

Game seed: 15655625504332651218, levelgen mode: deterministic

1685 mopl the Slasher (level 8, -6/61 HPs)
             Began as a Demonspawn Skald on Feb 5, 2020.
             Was a Believer of Nemelex Xobeh.
             Mangled by an ogre
             ... wielding a +0 giant club
              (9 damage)
             ... on level 6 of the Dungeon.
             The game lasted 00:22:33 (7871 turns).

mopl the Slasher (Demonspawn Skald)                 Turns: 7871, Time: 00:22:33

Health: -6/61      AC: 13    Str: 14    XL:     8   Next: 71%
Magic:  11/11      EV: 14    Int: 15    God:    Nemelex Xobeh [**....]
Gold:   316        SH:  0    Dex: 17    Spells: 4/12 levels left

rFire    . . .     SeeInvis .   a - +0 scimitar
rCold    . . .     Gourm    .   (no shield)
rNeg     + . .     Faith    .   g - +1 scale mail
rPois    .         Spirit   .   (helmet restricted)
rElec    .         Reflect  .   (no cloak)
rCorr    .         Harm     .   (no gloves)
MR       .....                  (no boots)
Stlth    ++........             (no amulet)
HPRegen  0.20/turn              b - ring of stealth
MPRegen  0.12/turn              s - ring of positive energy

@: agile, sanguine armour, drained
A: antennae 1, powered by pain 1, rot immunity, sanguine armour 1
a: Draw Escape, Draw Destruction, Draw Summoning, Renounce Religion


You were on level 6 of the Dungeon.
You worshipped Nemelex Xobeh.
Nemelex Xobeh was pleased with you.
You were not hungry.

You visited 1 branch of the dungeon, and saw 7 of its levels.

You collected 316 gold pieces.

Inventory:

Hand Weapons
 a - a +0 scimitar (weapon)
 r - a cursed -3 dagger
Missiles
 j - 4 boomerangs
 k - 11 javelins
 t - 34 poisoned darts (quivered)
Armour
 g - a +1 scale mail (worn)
 w - a +0 chain mail
 B - a +0 plate armour
Jewellery
 b - a ring of stealth (left hand)
 s - a ring of positive energy (right hand)
Wands
 e - a wand of polymorph (3)
Scrolls
 d - a scroll of fear
 f - 3 scrolls of teleportation
 u - 2 scrolls of magic mapping
 x - 2 scrolls of amnesia {unknown}
 y - a scroll of enchant weapon {unknown}
Potions
 h - a potion of magic
 i - a potion of brilliance
 l - a potion of curing
 m - a potion of might
 n - a potion of agility
 o - 2 potions of flight
 p - a potion of resistance
 q - 3 potions of heal wounds {unknown}
 v - 2 potions of mutation {unknown}
 A - a potion of haste {unknown}
Comestibles
 c - 3 rations
 z - 3 chunks of flesh


   Skills:
 + Level 4.8(4.1) Fighting
 * Level 6.1(5.4) Long Blades
 + Level 1.5(0.9) Throwing
 - Level 0.8(0.2) Armour
 - Level 1.7(1.1) Dodging
 - Level 2.5(1.8) Spellcasting
 - Level 3.0(2.3) Hexes
 + Level 4.8(4.0) Charms
 - Level 2.0(1.3) Translocations
 + Level 5.2(4.4) Invocations


You had 4 spell levels left.
You knew the following spells:

 Your Spells              Type           Power        Failure   Level  Hunger
a - Infusion              Chrm           ##..         19%         1    ##.....
b - Song of Slaying       Chrm           ##......     28%         2    ###....
c - Spectral Weapon       Hex/Chrm       ##......     63%         3    ####...
f - Shroud of Golubria    Chrm/Tloc      #.....       45%         2    ###....

Your spell library contained the following spells:

 Spells                   Type           Power        Failure   Level  Hunger
 Ozocubu's Armour         Chrm/Ice       #.......     78%         3    ####...


Dungeon Overview and Level Annotations

Branches:
Dungeon (7/15)
 Temple: D:4-7

Altars:
Nemelex Xobeh
The Shining One


Innate Abilities, Weirdness & Mutations

You have a pair of small antennae on your head.
You sometimes gain a little power by taking damage.
You are immune to rotting.
When seriously injured, your bleeding wounds create armour. (AC +6)


Message History

a +5 halberd; a +0 robe Throwing (i - inventory. (/) - cycle)
t - 35 poisoned darts (quivered)
Press: ? - help, Shift-Dir - straight line, f - ogre
Aim: an ogre, wielding a +0 giant club (hasn't noticed you)
You throw a poisoned dart.
The poisoned dart barely misses the ogre.
The ogre shouts!
Unknown command.
You draw a card...
You have drawn the Illusion.
Suddenly you stand beside yourself.
Things that are here:
a +1 robe of positive energy; a +1 dire flail of freezing The ogre hits you with a +0 giant club!
* * * LOW HITPOINT WARNING * * *
You see here a +0 short sword.
You see here a kobold corpse.
You draw a card...
You have drawn the Pentagram.
The ogre hits you with a +0 giant club!
You die...
Your body disappears without a glow.

.# ##### .#### #...######
....# ##........####
###.# ##............#
###.######.##.##..#.#..#
..............##..#.#..#
.##.#.####.#####4h#[#..#
....#.#####.###.รท>#.#..#
........# ##.[[#@O@....#
#..##.#.###########.####
......#...[<.# #(#
......#..[)..# #)#
#............######.#####
#............##.........#
##.#####.....##.........#
#.############.........#
##.##.........>.........#


You could see an ogre, a friendly chaos spawn, a friendly hell hound and the
friendly mopl's illusion.

Vanquished Creatures
  An orc warrior (D:6)
  An ice beast (D:6)
  An ogre (D:5)
  A centaur (D:6)
  A big kobold (D:6)
  A scorpion (D:6)
  5 wights
  A centaur zombie (D:6)
  An orc priest (D:5)
  2 bullfrog skeletons (D:4)
  2 gnoll shamans
  3 hounds
  2 iguanas
  2 worker ants
  2 orc wizards
  A hound skeleton (D:6)
  8 gnolls
  6 adders
  A shadow imp (D:6)
  An adder zombie (D:6)
  6 worms
  3 leopard geckos
  14 orcs
  9 bats
  3 giant cockroaches
  10 goblins
  14 hobgoblins
  7 jackals
  2 quokkas
  A ball python (D:6)
  6 frilled lizards
  15 kobolds
  15 rats
148 creatures vanquished.

Vanquished Creatures (collateral kills)
  Duvessa (D:4)
  A bullfrog (D:6)
  Dowan (D:4)
  2 wights (D:5)
  A leopard gecko (D:6)
  An orc (D:5)
7 creatures vanquished.

Vanquished Creatures (others)
  A phantom (D:4)
1 creature vanquished.

Grand Total: 156 creatures vanquished

Notes
Turn   | Place    | Note
-------+----------+-------------------------------------------
     0 | D:1      | mopl the Demonspawn Skald began the quest for the Orb.
     0 | D:1      | Reached XP level 1. HP: 16/16 MP: 3/3
   170 | D:1      | Reached skill level 2 in Long Blades
   216 | D:1      | Gained mutation: You sometimes gain a little power by
                  | taking damage. [demonic ancestry]
   216 | D:1      | Reached XP level 2. HP: 8/22 MP: 1/5
   453 | D:1      | Learned a level 2 spell: Song of Slaying
   456 | D:1      | Learned a level 2 spell: Shroud of Golubria
  1049 | D:1      | Gained mutation: You have a pair of small antennae on your
                  | head. [demonic ancestry]
  1049 | D:1      | Reached XP level 3. HP: 26/27 MP: 6/6
  1435 | D:2      | Reached skill level 3 in Charms
  1722 | D:2      | Reached XP level 4. HP: 23/34 MP: 1/7
  1903 | D:2      | Found a glowing golden altar of the Shining One.
  2025 | D:2      | Found a sparkling altar of Nemelex Xobeh.
  2033 | D:2      | Became a worshipper of Nemelex Xobeh the Trickster
  2077 | D:2      | Reached skill level 1 in Translocations
  2085 | D:2      | Received a gift from Nemelex Xobeh
  2090 | D:2      | Learned a level 3 spell: Spectral Weapon
  2138 | D:2      | Reached skill level 3 in Long Blades
  2700 | D:3      | Received a gift from Nemelex Xobeh
  2869 | D:3      | Reached skill level 1 in Invocations
  2903 | D:3      | Reached * piety under Nemelex Xobeh
  3287 | D:4      | Gained mutation: You are immune to rotting. [demonic
                  | ancestry]
  3287 | D:4      | Reached XP level 5. HP: 35/39 MP: 8/8
  3292 | D:4      | Noticed Duvessa
  3304 | D:4      | Killed Duvessa
  3304 | D:4      | Reached skill level 1 in Hexes
  3308 | D:4      | Noticed Dowan
  3314 | D:4      | Killed Dowan
  3370 | D:4      | Reached skill level 3 in Fighting
  3370 | D:4      | Reached skill level 2 in Invocations
  3370 | D:4      | Reached XP level 6. HP: 19/47 MP: 5/9
  3901 | D:4      | Reached skill level 4 in Long Blades
  3901 | D:4      | Reached skill level 2 in Hexes
  3901 | D:4      | Reached skill level 2 in Translocations
  3985 | D:5      | Entered Level 5 of the Dungeon
  4178 | D:5      | Reached XP level 7. HP: 23/52 MP: 0/10
  4769 | D:5      | Reached skill level 3 in Invocations
  5079 | D:5      | Reached skill level 4 in Charms
  5620 | D:6      | Reached skill level 4 in Fighting
  5730 | D:6      | Reached skill level 5 in Long Blades
  5730 | D:6      | Reached skill level 3 in Hexes
  5917 | D:6      | Reached skill level 4 in Invocations
  5932 | D:6      | Gained mutation: When seriously injured, your bleeding
                  | wounds create armour. (AC +6) [demonic ancestry]
  5932 | D:6      | Reached XP level 8. HP: 27/60 MP: 11/11
  6469 | D:6      | Reached ** piety under Nemelex Xobeh
  6836 | D:7      | Received a gift from Nemelex Xobeh
  6898 | D:6      | Reached skill level 1 in Throwing
  7171 | D:7      | Identified the -1 quarterstaff "Xaoje" {vorpal, rN+ Str+5}
  7549 | D:6      | Reached skill level 6 in Long Blades
  7549 | D:6      | Reached skill level 5 in Invocations
  7835 | D:6      | HP: 1/61 [wight/+5 halberd (4)]
  7868 | D:6      | HP: 3/61 [ogre/+0 giant club (11)]
  7871 | D:6      | Mangled by an ogre

Levels and vault maps discovered:
D:1:      kennysheep_arrival_seaside, layout_basic, minmay_octomino_c4
D:2:      layout_rooms, tso_oasis_becter, first_ration,
          nemelex_lonely_heart_becter
D:3:      layout_basic
D:4:      layout_rooms, minmay_misc_feat_columns, uniq_duvessa
D:5:      layout_basic
D:6:      wander_river, layout_loops_cross
D:7:      layout_rooms, minmay_temple_entry_poolview, nemelex_altar_shiori

Skill      XL: |  1  2  3  4  5  6  7  8 |
---------------+-------------------------+-----
Long Blades    | 2 3 4 5 6 |  6.1
Charms         | 3 4 |  4.8
Translocations | 1 2 |  2.0
Invocations    | 1 2 4 5 |  5.2
Hexes          | 1 2 3 |  3.0
Fighting       | 3 4 |  4.8
Throwing       | 1 |  1.5
Armour         | |  0.8
Dodging        | |  1.7
Spellcasting   | |  2.5

Action                   |  1- 3 |  4- 6 |  7- 9 || total
-------------------------+-------+-------+-------++-------
Melee: Falchion          |   140 |   176 |       ||   316
       Short sword       |       |    39 |       ||    39
       Unarmed           |       |     1 |       ||     1
       Scimitar          |       |       |   240 ||   240
Throw: Dart              |       |     4 |    35 ||    39
 Cast: Infusion          |     5 |    11 |    14 ||    30
       Song of Slaying   |     2 |       |       ||     2
 Abil: Draw Destruction  |       |     3 |     3 ||     6
       Draw Summoning    |       |     1 |     6 ||     7
Evoke: Wand              |       |       |     3 ||     3
  Use: Scroll            |       |    11 |     4 ||    15
       Potion            |       |       |     1 ||     1
 Stab: Paralysed         |       |       |     3 ||     3
       Distracted        |       |       |     1 ||     1
  Eat: Chunk             |     3 |     7 |    10 ||    20
       Ration            |       |       |     1 ||     1
Armor: Scale mail        |    65 |    89 |   141 ||   295
       Leather armour    |     5 |       |       ||     5
Dodge: Dodged            |    75 |   122 |   145 ||   342
       Rpst.: Falchion   |    24 |    35 |       ||    59
       Scimitar          |       |       |    38 ||    38

Table legend:
 A = Non-vault XP
 B = Vault XP
 C = Vault XP percentage of total XP
 D = Non-vault monster count
 E = Vault monster count
 F = Vault count percentage of total count
                 A         B        C        D         E       F
            +---------+---------+-------+---------+---------+-------
      Total |    2220 |     188 |   7.8 |     146 |      10 |   6.4
            +---------+---------+-------+---------+---------+-------
        D:1 |      30 |      11 |  26.8 |      20 |       8 |  28.6
        D:2 |     103 |       0 |   0.0 |      27 |       0 |   0.0
        D:3 |      51 |       0 |   0.0 |      21 |       0 |   0.0
        D:4 |     340 |     177 |  34.2 |      17 |       2 |  10.5
        D:5 |     545 |       0 |   0.0 |      16 |       0 |   0.0
        D:6 |    1143 |       0 |   0.0 |      40 |       0 |   0.0
        D:7 |       8 |       0 |   0.0 |       5 |       0 |   0.0
            +---------+---------+-------+---------+---------+-------
